 Dungeon Crawl Stone Soup version 0.20-a0-2-g2b0e13a (webtiles) character file.

103 GsBirdie the Sneak (level 4, -7/21 HPs)
             Began as a Spriggan Enchanter on Oct 28, 2016.
             Mangled by Naow's ghost (17 damage)
             ... on level 3 of the Dungeon.
             The game lasted 00:11:16 (3121 turns).

GsBirdie the Sneak (Spriggan Enchanter)             Turns: 3121, Time: 00:11:17

Health: -7/21      AC:  3    Str:  5    XL:     4   Next: 51%
Magic:  8/9        EV: 18    Int: 16    God:
Gold:   135        SH:  0    Dex: 16    Spells: 3 memorised, 2 levels left

rFire  + . .     SeeInvis +     n - +0 dagger (flame)
rCold  x . .     Gourm    .     b - +1 robe
rNeg   . . .     Faith    +     (shield restricted)
rPois  .         Spirit   .     (helmet restricted)
rElec  .         Reflect  .     (no cloak)
rCorr  +         Harm     .     (gloves unavailable)
MR     .....                    (boots unavailable)
Stlth  +++.......               k - amulet of faith
                                r - ring of fire
                                q - ring of resist corrosion

@: very quick
A: unfitting armour, see invisible, herbivore 3, speed 3, slow metabolism 2
a: no special abilities


You were on level 3 of the Dungeon.
You were not hungry.

You visited 1 branch of the dungeon, and saw 3 of its levels.

You collected 135 gold pieces.

Inventory:

Hand Weapons
 n - a +0 dagger of flaming (weapon)
Armour
 b - a +1 robe (worn)
Jewellery
 k - an amulet of faith (around neck)
 q - a ring of resist corrosion (left hand)
 r - a ring of fire (right hand)
Scrolls
 f - a scroll of identify {unknown}
 g - a scroll of blinking {unknown}
 h - 2 scrolls of recharging {unknown}
 i - 2 scrolls of teleportation {unknown}
 j - 2 scrolls of remove curse {unknown}
 l - a scroll of enchant weapon {unknown}
 o - 2 scrolls of enchant armour {unknown}
Potions
 a - a potion of beneficial mutation {unknown}
 e - 2 potions of lignification {unknown}
 m - a potion of curing {unknown}
 p - a potion of cure mutation {unknown}
 s - a potion of ambrosia {unknown}
Books
 c - a book of Maledictions

   Spells                             Type                      Level
   a - Corona                         Hexes                        1
   b - Ensorcelled Hibernation        Hexes/Ice                    2
   c - Confuse                        Hexes                        3
   d - Tukima's Dance                 Hexes                        3
   e - Dazzling Spray                 Conjuration/Hexes            3
Comestibles
 d - 2 bread rations


   Skills:
 - Level 3.1 Short Blades
 - Level 3.0 Dodging
 - Level 4.4 Stealth
 - Level 2.6 Spellcasting
 + Level 4.2 Hexes
 * Level 2.1 Ice Magic


You had 2 spell levels left.
You knew the following spells:

 Your Spells              Type           Power        Failure   Level  Hunger
a - Corona                Hex            ###....      4%          1    #......
b - Ensorcelled Hibernat  Hex/Ice        ##....       10%         2    ##.....
c - Confuse               Hex            ###.....     12%         3    ###....


Dungeon Overview and Level Annotations

Branches:
Dungeon (3/15)

Altars:
Okawaru

Annotations:
D:3 Naow's ghost, amateur OgHu


Innate Abilities, Weirdness & Mutations

You are very small and have problems with some larger weapons.
You are too small for most types of armour.
You have supernaturally acute eyesight. (SInv)
You are a herbivore.
You cover ground extremely quickly.
You need consume almost no food.


Message History

Naow's ghost hits you but does no damage.
You closely miss Naow's ghost.
Naow's ghost is severely damaged.
Naow's ghost completely misses you.
You hit Naow's ghost. You burn Naow's ghost.
Naow's ghost is severely damaged.
You hit Naow's ghost but do no damage.
Naow's ghost is severely damaged.
Naow's ghost misses you.
You hit Naow's ghost but do no damage.
Naow's ghost is severely damaged.
Naow's ghost closely misses you.
You hit Naow's ghost. You burn Naow's ghost.
Naow's ghost is almost destroyed.
Naow's ghost misses you.
You miss Naow's ghost.
Naow's ghost is almost destroyed.
Naow's ghost hits you!
Ouch! That really hurt!
You die...

#. #.### ....# ... )...
...#### ... #.....# ..
#.#.†# .# #.#.# ###.#
#.#$###...#.###
#########...<..W@.....#
...†.............##.###
####.#####...##### ...#
#.#..# .>.### #.##.#
... ..# .# .W #.## ..
%. #. ... # .. ..


You could see Naow's ghost.

Vanquished Creatures
  4 adders
  2 worms (D:2)
  3 dart slugs
  A ball python (D:1)
  4 giant cockroaches
  8 goblins
  9 hobgoblins (D:1)
  2 jackals (D:2)
  6 kobolds
  5 bats
  6 frilled lizards
  5 rats
55 creatures vanquished.

Notes
Turn   | Place    | Note
-------+----------+-------------------------------------------
     0 | D:1      | GsBirdie the Spriggan Enchanter began the quest for the Orb.
     0 | D:1      | Reached XP level 1. HP: 9/9 MP: 5/5
   395 | D:1      | Reached XP level 2. HP: 10/13 MP: 6/6
   536 | D:1      | Learned a level 2 spell: Ensorcelled Hibernation
  1511 | D:1      | Reached XP level 3. HP: 16/16 MP: 0/8
  1607 | D:1      | Learned a level 3 spell: Confuse
  1894 | D:1      | Reached skill level 1 in Ice Magic
  2482 | D:2      | Reached XP level 4. HP: 21/21 MP: 6/9
  2566 | D:2      | Found an iron altar of Okawaru.
  3000 | D:3      | Noticed Naow's ghost (amateur OgHu)
  3121 | D:3      | Mangled by Naow's ghost

Vault maps used:
D:1:      dpeg_arrival_castle
D:2:      lemuel_round_altar
D:3:      nicolae_overflow_hidden_temple, first_bread

Skill      XL: |  1  2  3  4 |
---------------+-------------+-----
Short Blades   | 2 3 |  3.1
Ice Magic      | 1 2 |  2.1
Hexes          | 4 |  4.2
Dodging        | |  3.0
Stealth        | |  4.4
Spellcasting   | |  2.6

Action                   |  1- 3 |  4- 6 || total
-------------------------+-------+-------++-------
Melee: Dagger            |   136 |    58 ||   194
 Cast: Corona            |     9 |       ||     9
       Ensorcelled Hiber |    30 |     2 ||    32
       Confuse           |       |     5 ||     5
 Stab: Sleeping          |    24 |     3 ||    27
       Confused          |       |     4 ||     4
  Eat: Bread ration      |       |     1 ||     1
Armor: Robe              |    11 |     5 ||    16
Dodge: Dodged            |   152 |    33 ||   185
